Cogmind - Beta 14 @@@ ROGUE MODE // 2024.09.10 @ 04:44:33 Player: J1ang-5h1 Result: Destroyed by H-66 Slayer with Gauss Rifle Performance ------------- Evolutions (5) 2500 Regions Visited (15) 3000 Robots Destroyed (165) 825 Value Destroyed (5400) 5400 Prototype IDs (36) 720 Alien Tech Used (0) 0 Bonus (5414) 5414 TOTAL SCORE: 17859 Bonus ------- High Alert Combat Kills 254 Follower Combat Kills 654 Registered with UFD 300 Met Data Miner 300 Met Warlord at Base 500 MAIN.C Attacked Warlord 500 Warlord Defense Kills 3114 Friendly Fire -208 Cogmind --------- Core Integrity 0/1000 Matter 271/300 Energy 80/100 System Corruption 24% Temperature Cool (0) Movement Core (50) Location -5/Warlord Parts ------- > --- POWER (2) -------- (None) > --- PROPULSION (6) --- (None) > --- UTILITY (7) ------ (None) > --- WEAPON (2) ------- (None) > --- INVENTORY (5) ---- Cooled Fission Core Heart of Steel RU-N14's Throwing Claymores v3 Peak State ------------ > --- POWER ------------ Cooled Antimatter Reactor Cooled Antimatter Reactor > --- PROPULSION ------- Carbon-fiber Leg Carbon-fiber Leg Flexi-carbon Leg Flexi-carbon Leg Wheel Armored Wheel > --- UTILITY ---------- Experimental Cooling System Humpback Deep Structural Scanner Makeshift Thermal Plating Experimental Hacking Suite Minesniffer Drone Bay > --- WEAPON ----------- Improved Matter Neutralizer Improved Matter Neutralizer > --- INVENTORY -------- Overtuned Huge Scrapsphere Scrap Suit Experimental Cooling System Huge Storage Unit High-capacity Battery Advanced Matter Compressor Advanced Signal Interpreter Advanced Terrain Scanner Seismic Detector Armor Integrity Analyzer Improved Armor Integrity Analyzer Improved Armor Integrity Analyzer Improved Kinecellerator Makeshift Transmission Jammer Advanced Reaction Control System Medium Reactive Plating Medium Reactive Plating Thermal Shield EM Disruption Field Tractor Beam Drone Bay Heart of Steel Heavy Beamcaster Improved Matter Neutralizer Mass Driver RU-N14's Throwing Claymores v3 RU-N14's Throwing Claymores v3 RU-N14's Throwing Claymores v3 Molecular Deconstructor Botcube [Rating: 110] Favorites ----------- Power Cooled Antimatter Reactor Engine Heavy Ion Engine Power Core Light Nuclear Core Reactor Cooled Antimatter Reactor Propulsion Light Treads Treads Light Treads Leg Flexi-carbon Leg Wheel Armored Wheel Flight Unit Cooled Q-thruster Utility Deep Structural Scanner Device Deep Structural Scanner Storage Humpback Processor Advanced Melee Analysis Suite Hackware Experimental Hacking Suite Protection Core Shielding Weapon Improved Assault Rifle Energy Gun EM Pulse Gun Energy Cannon Improved Matter Neutralizer Ballistic Gun Improved Assault Rifle Launcher Rocket Launcher Special Weapon Mining Laser Slashing Weapon Katana Build | -11 -10 -10 -9 -9 -9 -9 -6 -6 -6 -6 -5 -5 -5 -5 -5 ------- Run | Yrd Mat Min Mat Sto Rec Scr Fac Low Low Dat Pro Fac Upp Upp War Slots Evolved 10 | . . . 2 . . . 6 . . . . 2 . . . Power 1 | . . . . . . . 1 . . . . . . . . Propulsion 4 | . . . 2 . . . 2 . . . . . . . . Utility 5 | . . . . . . . 3 . . . . 2 . . . Weapon . | . . . . . . . . . . . . . . . . Parts Attached 190 | 1 21 1 28 24 . 26 9 3 19 2 13 7 17 6 13 Power 15 | . 3 . 4 1 . 2 1 . 1 . 2 . . . 1 Engine 11 | . 2 . 4 1 . 2 1 . 1 . . . . . . Core 1 | . 1 . . . . . . . . . . . . . . Reactor 3 | . . . . . . . . . . . 2 . . . 1 Propulsion 46 | . 3 . 8 8 . 16 2 . 2 . 3 3 . . 1 Treads 30 | . 3 . 5 7 . 11 2 . 2 . . . . . . Leg 8 | . . . 3 1 . . . . . . 2 2 . . . Wheel 7 | . . . . . . 5 . . . . . 1 . . 1 Hover . | . . . . . . . . . . . . . . . . Flight 1 | . . . . . . . . . . . 1 . . . . Utility 54 | 1 6 . 3 1 . 6 4 1 4 . 3 3 12 4 6 Device 28 | 1 2 . . . . 3 2 1 3 . 1 1 8 4 2 Storage 9 | . 3 . . 1 . 3 . . . . 1 . 1 . . Processor 1 | . . . . . . . . . . . . . 1 . . Hackware 2 | . . . . . . . 1 . . . . 1 . . . Protection 14 | . 1 . 3 . . . 1 . 1 . 1 1 2 . 4 Artifact . | . . . . . . . . . . . . . . . . Weapon 75 | . 9 1 13 14 . 2 2 2 12 2 5 1 5 2 5 Energy Gun 17 | . 3 . 6 1 . . . . 3 2 . . . . 2 Energy Cannon 9 | . . . . 3 . . . . . . 3 . 2 1 . Ballistic Gun 13 | . 3 1 . 4 . 2 1 . 2 . . . . . . Ballistic Cannon . | . . . . . . . . . . . . . . . . Launcher 12 | . . . 4 1 . . . 1 2 . 1 . . 1 2 Special Weapon 5 | . 3 . . . . . . . . . . . 1 . 1 Impact Weapon . | . . . . . . . . . . . . . . . . Slashing Weapon 19 | . . . 3 5 . . 1 1 5 . 1 1 2 . . Piercing Weapon . | . . . . . . . . . . . . . . . . Special Melee Weapon . | . . . . . . . . . . . . . . . . Unidentified Prototypes 13 | . . . . 1 . . . . . . 5 1 2 . 4 Parts Lost 56 | . 7 . 8 3 . 9 . 2 1 . 6 . . 1 19 Power 6 | . 2 . 1 . . . . . . . . . . . 3 Propulsion 21 | . 2 . 3 2 . . . 1 1 . 5 . . . 7 Utility 16 | . 1 . 1 . . 3 . 1 . . 1 . . 1 8 Weapon 13 | . 2 . 3 1 . 6 . . . . . . . . 1 Highest Loss Streak 12 | . 3 . 4 3 . 9 . 2 1 . 6 . . 1 12 To Critical Strikes 2 | . . . . . . . . . 1 . . . . . 1 Average Slot Usage (%) 91 | . 97 100 91 98 100 89 93 91 88 81 78 83 87 93 90 Engine 7 | . 12 14 11 11 11 9 13 13 13 13 4 . . . . Reactor 3 | . . . . . . . . . . . 8 11 11 11 10 Treads 19 | . 21 28 25 35 44 32 20 20 22 26 5 . . . . Leg 8 | . 6 . 12 8 . . . . . . 7 12 23 23 22 Wheel 6 | . . . . . . 5 20 18 13 13 7 5 11 11 10 Device 9 | . 8 . . . . 5 8 7 13 13 13 17 13 22 16 Storage 8 | . 14 14 11 11 11 9 6 6 6 6 10 11 6 5 4 Hackware 1 | . . . . . . . 4 5 . . . 4 5 5 4 Protection 5 | . 3 14 8 11 11 5 6 6 6 6 2 . 1 . 5 Energy Gun 3 | . 16 21 11 7 . . . . 6 1 4 . . . 1 Energy Cannon 2 | . . . . . . . . . . . 6 5 7 9 8 Ballistic Gun 8 | . 10 6 . 5 22 21 12 9 1 . . . . . . Slashing Weapon 1 | . . . 9 8 . . . 2 3 . 2 5 2 . . Peak Build Rating 110 | 8 11 8 19 23 22 27 43 42 51 51 97 106 109 105 110 Average Rating 47 | 6 7 8 17 21 22 21 41 41 46 39 77 102 99 99 103 On Entrance 43 | 6 8 8 8 18 22 22 27 42 39 51 51 97 100 87 105 Naked Turns 3 | . . . . . . . . . . . . . . . 3 Heaviest Build 297 | 13 52 52 58 97 95 214 228 230 237 237 265 264 271 270 297 Greatest Support 83 | 20 40 40 80 83 83 83 44 44 28 28 40 22 22 22 22 Greatest Overweight (x) 92 | . 1 1 2 2 1 7 5 8 8 8 22 21 12 12 92 Average Overweight (x) 5 | . . 1 . . 1 1 5 5 8 8 16 19 11 11 12 Largest Inventory Capacity 35 | 8 20 20 20 25 25 35 35 35 35 35 35 35 35 35 35 Average Capacity 27 | 8 12 20 20 21 25 23 35 35 35 35 35 35 35 35 34 Most Carried 35 | 8 12 16 20 25 25 35 35 35 35 35 35 35 35 35 35 Average Carried 25 | 6 8 14 19 20 25 19 34 34 34 35 34 33 32 33 34 Final Capacity 35 | 8 20 20 20 25 25 35 35 35 35 35 35 35 35 35 5 Final Carried 35 | 8 12 16 20 25 25 35 35 34 35 35 35 33 35 33 5 Class Distribution -------------------- 49% | Hauler-Mutant 47% | Mutant 3% | Scavenger-Mutant Dominant Class ---------------- Mutant | -10/Materials Mutant | -10/Mines Mutant | -9/Materials Scavenger-Mutant | -9/Storage Mutant | -9/Recycling Mutant | -9/Scraptown Hauler-Mutant | -6/Factory Hauler-Mutant | -6/Lower Caves Hauler-Mutant | -6/Lower Caves Hauler-Mutant | -6/Data Miner Hauler-Mutant | -5/Proximity Caves Hauler-Mutant | -5/Factory Hauler-Mutant | -5/Upper Caves Hauler-Mutant | -5/Upper Caves Hauler-Mutant | -5/Warlord Resources | -11 -10 -10 -9 -9 -9 -9 -6 -6 -6 -6 -5 -5 -5 -5 -5 ----------- Run | Yrd Mat Min Mat Sto Rec Scr Fac Low Low Dat Pro Fac Upp Upp War Matter Collected 4897 | 229 343 59 580 403 59 155 77 267 379 . 392 324 1205 354 71 Remotely . | . . . . . . . . . . . . . . . . Salvage Created 5918 | 126 856 20 1794 1047 59 . 11 159 663 . 312 . 235 289 347 Parts 280 | 8 57 1 107 63 2 . 1 2 18 . 8 . . 5 8 Haulers Intercepted 7 | . . . 3 4 . . . . . . . . . . . Recyclers Shooed 4 | . 3 . . . 1 . . . . . . . . . . Parts Field Recycled . | . . . . . . . . . . . . . . . . Retrieved Matter . | . . . . . . . . . . . . . . . . Parts Self-Destructed 30 | . . . . . . . . 2 15 . 5 . 3 5 . Prevented . | . . . . . . . . . . . . . . . . Kills | -11 -10 -10 -9 -9 -9 -9 -6 -6 -6 -6 -5 -5 -5 -5 -5 ------- Run | Yrd Mat Min Mat Sto Rec Scr Fac Low Low Dat Pro Fac Upp Upp War Combat Hostiles Destroyed 127 | . 23 . 34 16 1 . . 3 10 . 9 . 3 4 24 Melee 6 | . . . 6 . . . . . . . . . . . . Guns 57 | . 22 . 16 8 1 . . . 2 . 4 . . . 4 Cannons 12 | . . . . 6 . . . . . . 1 . 2 3 . AOE 48 | . 1 . 10 2 . . . 3 8 . 4 . . . 20 Classes Destroyed 18 | 2 5 . 3 1 . . . . 3 . . . . . 4 Worker 8 | . 1 . 4 2 . . 1 . . . . . . . . Builder 2 | . 1 . . 1 . . . . . . . . . . . Tunneler 4 | 2 . 1 1 . . . . . . . . . . . . Hauler 7 | . . . 3 4 . . . . . . . . . . . Recycler 9 | 1 . . 5 3 . . . . . . . . . . . Mechanic 1 | . . . . 1 . . . . . . . . . . . Watcher 7 | . 2 . 3 2 . . . . . . . . . . . Swarmer 43 | . 6 . 12 5 . . . 3 4 . 9 . . . 4 Grunt 47 | . 17 . 13 7 . . . . 1 . . . 3 2 4 Brawler 5 | . . . . . . . . . . . . . . . 5 Duelist 2 | . . . 1 . . . . . . . . . . . 1 Protector 1 | . . . . . . . . . . . . . . . 1 Sentry 14 | . . . 8 4 1 . . . . . . . . 1 . Demolisher 1 | . . . . . . . . . . . . . . . 1 Specialist 3 | . . . . . . . . . 3 . . . . . . Hunter 4 | . . . . . . . . . 1 . . . . . 3 Programmer 3 | . . . . . . . . . 1 . . . . 1 1 Striker 4 | . . . . . . . . . . . . . . . 4 Decomposer 1 | . . . . . . . . . . . . . . 1 . Packrat 6 | . . . . . . . . . 3 . . . 1 2 . Best Kill Streak 16 | 1 5 1 8 12 1 . 1 3 6 . 4 . 3 1 16 Combat Bots Only 16 | . 5 . 5 7 1 . . 3 6 . 4 . 3 1 16 Max Kills in Single Turn 8 | 1 2 1 4 3 1 . 1 2 2 . 3 . 1 1 8 Gunslinging . | . . . . . . . . . . . . . . . . Exploded 8 | . 1 . 2 2 . . . 2 2 . 3 . . . 8 Melee 1 | . . . 1 . . . . . . . . . . . . Uniques/NPCs Destroyed . | . . . . . . . . . . . . . . . . Combat | -11 -10 -10 -9 -9 -9 -9 -6 -6 -6 -6 -5 -5 -5 -5 -5 -------- Run | Yrd Mat Min Mat Sto Rec Scr Fac Low Low Dat Pro Fac Upp Upp War Hostile Shots Fired 914 | . 123 . 162 86 8 . 27 17 70 . 69 1 49 32 270 Missed 264 | . 32 . 42 25 3 . 10 1 13 . 17 . 20 10 91 Damage Taken 10097 | . 1039 . 1615 966 79 . 117 240 748 . 781 19 327 413 3753 Core 1742 | . 152 . 259 127 12 . 29 . 128 . 25 19 13 60 918 Absorbed by Shields 407 | . . . . . . . . 37 195 . . . . 143 32 Redirected to Shielding 32 | . . . . 30 2 . . . . . . . . . . Ignored by Resistances 565 | . . . . . . . . . 24 . . . 26 4 511 Regen/Repaired (Parts) 484 | . 120 . 209 . . . . . . . . . . . 155 Core Remaining (%) 54 | 100 . 39 . . . . . . . . 78 . . . . Volleys Fired 392 | 14 111 20 65 78 6 . 5 4 19 . 19 1 7 23 20 Largest 2 | 2 2 1 2 2 2 . 2 1 2 . 2 1 2 2 2 Hottest 226 | 40 100 20 100 100 46 . 46 33 162 . 162 113 226 226 80 Shots Fired 638 | 28 207 20 124 88 12 . 10 4 24 . 35 1 14 43 28 Gun 507 | 28 202 20 118 61 12 . 10 . 10 . 28 . . . 18 Cannon 83 | . . . . 22 . . . . . . 3 1 14 43 . Launcher 43 | . . . 6 5 . . . 4 14 . 4 . . . 10 Special 5 | . 5 . . . . . . . . . . . . . . Kinetic 244 | 28 157 20 . 9 12 . 10 . 8 . . . . . . Thermal 195 | . 30 . . 74 . . . . 2 . 31 1 14 43 . Explosive 33 | . . . 6 5 . . . 4 14 . 4 . . . . Electromagnetic 138 | . 20 . 118 . . . . . . . . . . . . Entropic 28 | . . . . . . . . . . . . . . . 28 Robot Hit Streak 14 | 4 13 7 14 10 12 . 13 1 9 . 3 . 6 6 6 Robot Miss Streak 8 | 2 6 1 4 8 . . 2 3 4 . 4 . 1 5 2 Penetration Max . | . . . . . . . . . . . . . . . . Secondary Targets 10 | . 5 . 1 . . . . . 1 . 2 . . . 1 Max Gunslinging Chain 1 | . 1 . 1 . . . . . 1 . 1 . . . 1 Shots Hit Robots 454 | 17 134 15 108 64 12 . 7 3 26 . 17 . 11 22 18 Core Hits 242 | 5 55 3 57 29 2 . 3 7 26 . 10 . 4 6 35 Critical Kills 2 | . . . . . . . . . . . . . 1 1 . Critical Parts Destroyed . | . . . . . . . . . . . . . . . . Critical Strikes 15 | . 1 . 6 5 . . . . 1 . . . 1 1 . Burn 5 | . . . . 5 . . . . . . . . . . . Meltdown 2 | . . . . . . . . . . . . . 1 1 . Corrupt 4 | . 1 . 3 . . . . . . . . . . . . Sever 4 | . . . 3 . . . . . 1 . . . . . . Melee Attacks 71 | . . . 39 9 . . . 4 14 . 2 2 1 . . Impact . | . . . . . . . . . . . . . . . . Slashing 71 | . . . 39 9 . . . 4 14 . 2 2 1 . . Piercing . | . . . . . . . . . . . . . . . . Sneak Attacks 19 | . . . 9 7 . . . . 3 . . . . . . Combat Hostiles . | . . . . . . . . . . . . . . . . Follow-up Attacks 6 | . . . 4 . . . . . 2 . . . . . . Damage Inflicted 18826 | 135 1297 120 3907 2125 195 . 100 411 1671 . 850 . 430 979 6606 Guns 5235 | 135 1250 120 1334 915 195 . 100 . 166 . 315 . . . 705 Cannons 1939 | . . . . 455 . . . . . . 75 . 430 979 . Explosions 9059 | . 47 . 1263 285 . . . 293 920 . 350 . . . 5901 Melee 2588 | . . . 1305 470 . . . 118 585 . 110 . . . . Ramming 5 | . . . 5 . . . . . . . . . . . . Kinetic 1571 | 135 826 120 . 76 195 . 100 . 119 . . . . . . Thermal 4173 | . 294 . 739 1294 . . . . 47 . 390 . 430 979 . Explosive 2372 | . . . 524 285 . . . 293 920 . 350 . . . . Electromagnetic 1511 | . 177 . 1334 . . . . . . . . . . . . Impact . | . . . . . . . . . . . . . . . . Slashing 2588 | . . . 1305 470 . . . 118 585 . 110 . . . . Piercing . | . . . . . . . . . . . . . . . . Entropic 6606 | . . . . . . . . . . . . . . . 6606 Highest Corruption 24 | . . . 1 6 6 . . . 5 5 5 . . . 24 Average Corruption 5 | . . . 1 5 6 . . . 4 5 5 . . . 15 Corruption Purged . | . . . . . . . . . . . . . . . . Corruption Blocked . | . . . . . . . . . . . . . . . . Effects 124 | . . . 7 32 17 . . . 19 6 29 . . . 14 Message Errors 39 | . . . 3 10 1 . . . 8 2 10 . . . 5 Matter Fused 29 | . . . 2 8 6 . . . 2 1 8 . . . 2 Heat Flow Errors 13 | . . . 1 1 1 . . . 5 . 3 . . . 2 Energy Discharges 13 | . . . . 3 3 . . . 3 3 . . . . 1 Parts Fused 2 | . . . 1 . . . . . 1 . . . . . . Data Loss (minor) 8 | . . . . 2 2 . . . . . 3 . . . 1 Data Loss (major) 6 | . . . . 3 1 . . . . . 2 . . . . Misfires 5 | . . . . 3 . . . . . . 2 . . . . Alerts 6 | . . . . 2 3 . . . . . . . . . 1 Misdirections 1 | . . . . . . . . . . . . . . . 1 Weapon Failures 2 | . . . . . . . . . . . 1 . . . 1 Overload Shots . | . . . . . . . . . . . . . . . . Overflow Damage 965 | . . . 304 91 . . . 64 206 . 11 . 13 122 154 Projectiles 138 | . . . . 3 . . . . . . . . 13 122 . Explosions 391 | . . . 184 12 . . . 19 11 . 11 . . . 154 Melee 436 | . . . 120 76 . . . 45 195 . . . . . . Knockbacks . | . . . . . . . . . . . . . . . . Impact . | . . . . . . . . . . . . . . . . Kinetic . | . . . . . . . . . . . . . . . . Secondary . | . . . . . . . . . . . . . . . . Self-Inflicted Damage 201 | . . . 122 15 . . . 39 25 . . . . . . Shots 7 | . . . 3 1 . . . 1 2 . . . . . . Rammed . | . . . . . . . . . . . . . . . . Targets Rammed 1 | . . . 1 . . . . . . . . . . . . Kicked 1 | . . . 1 . . . . . . . . . . . . Crushed . | . . . . . . . . . . . . . . . . Highest Temperature 488 | . 115 6 320 488 261 . 2 . 244 . 351 . 171 134 203 Average Temperature 97 | . 24 3 116 124 120 . 2 . 103 . 195 . 95 54 104 Received Heat Transfer 1635 | . 516 . 690 168 18 . 15 . 42 . . 9 93 71 13 Effects 7 | . . . 2 4 . . . . . . 1 . . . . Shutdowns 1 | . . . . 1 . . . . . . . . . . . Energy Bleed 2 | . . . 1 . . . . . . . 1 . . . . Interference 1 | . . . . 1 . . . . . . . . . . . Matter Decay 2 | . . . 1 1 . . . . . . . . . . . Damage (minor) 1 | . . . . 1 . . . . . . . . . . . Siege Activations . | . . . . . . . . . . . . . . . . Robots Corrupted 2 | . . . 2 . . . . . . . . . . . . Combat Hostiles 2 | . . . 2 . . . . . . . . . . . . Parts Fried 11 | . 2 . 7 2 . . . . . . . . . . . Impact Corruptions . | . . . . . . . . . . . . . . . . Robots Melted 2 | . . . . . . . . . . . . . 1 1 . Combat Hostiles 2 | . . . . . . . . . . . . . 1 1 . Parts Melted 9 | . 1 . 1 4 . . . . 1 . . . 1 1 . Heat Transferred 5339 | . 575 . 500 2377 . . . . 74 . 555 . 407 851 . Parts Sabotaged . | . . . . . . . . . . . . . . . . Parts Stolen . | . . . . . . . . . . . . . . . . Parts Stripped . | . . . . . . . . . . . . . . . . Power Chain Reactions 4 | . 1 . 3 . . . . . . . . . . . . Alert | -11 -10 -10 -9 -9 -9 -9 -6 -6 -6 -6 -5 -5 -5 -5 -5 ------- Run | Yrd Mat Min Mat Sto Rec Scr Fac Low Low Dat Pro Fac Upp Upp War Peak Influence 691 | 15 365 106 691 595 262 . 48 . . . . 599 . . . Initial 232 | . 9 106 1 232 177 . . . . . . 65 . . . Average 256 | 8 176 61 416 443 185 . 14 . . . . 86 . . . Maximum Alert Level 2 | . 1 . 2 2 1 . . . . . . 2 . . . Low Security (%) 41 | 100 42 100 14 . 24 . 100 . . . . 89 . . . Level 1 28 | . 57 . 29 14 75 . . . . . . 3 . . . Level 2 30 | . . . 56 85 . . . . . . . 6 . . . Level 3 . | . . . . . . . . . . . . . . . . Level 4 . | . . . . . . . . . . . . . . . . Level 5 . | . . . . . . . . . . . . . . . . High Security . | . . . . . . . . . . . . . . . . Max Security . | . . . . . . . . . . . . . . . . Squads Dispatched 19 | . 5 . 3 4 . . 2 . . . . 5 . . . Investigation 6 | . 3 . 1 . . . . . . . . 2 . . . Extermination 2 | . . . . . . . 1 . . . . 1 . . . Reinforcement 5 | . 2 . 1 . . . 1 . . . . 1 . . . Assault 2 | . . . 1 . . . . . . . . 1 . . . Garrison 4 | . . . . 4 . . . . . . . . . . . Intercept . | . . . . . . . . . . . . . . . . Searches Triggered . | . . . . . . . . . . . . . . . . Data Miner Redirects 1 | . . . . . . . . . . . . 1 . . . Construction Impeded . | . . . . . . . . . . . . . . . . Haulers Reinforced 1 | . . . . . . . . . . . . 1 . . . Active Scanning Responses . | . . . . . . . . . . . . . . . . Cargo Convoy Interrupts . | . . . . . . . . . . . . . . . . Stealth | -11 -10 -10 -9 -9 -9 -9 -6 -6 -6 -6 -5 -5 -5 -5 -5 --------- Run | Yrd Mat Min Mat Sto Rec Scr Fac Low Low Dat Pro Fac Upp Upp War Distress Signals 9 | . 2 . 3 3 . . . . . . . . . . 1 Communications Jammed . | . . . . . . . . . . . . . . . . Distress Signals . | . . . . . . . . . . . . . . . . Times Spotted 213 | . 33 . 55 24 1 . 3 4 10 . 12 5 6 6 54 Peak Tracking Total 18 | . 6 . 6 8 1 . 2 4 4 . 5 2 5 3 18 Tactical Retreats 12 | . 2 . 5 1 . . . . . . 3 1 . . . Traps | -11 -10 -10 -9 -9 -9 -9 -6 -6 -6 -6 -5 -5 -5 -5 -5 ------- Run | Yrd Mat Min Mat Sto Rec Scr Fac Low Low Dat Pro Fac Upp Upp War Traps Triggered 3 | . 1 . 1 1 . . . . . . . . . . . Indirectly . | . . . . . . . . . . . . . . . . Trap Hack Attempts . | . . . . . . . . . . . . . . . . Triggered . | . . . . . . . . . . . . . . . . Disarmed . | . . . . . . . . . . . . . . . . Reprogrammed . | . . . . . . . . . . . . . . . . Reused 1 | . . . . . . . . . . . . . . 1 . Traps Extracted . | . . . . . . . . . . . . . . . . Installed 1 | . . . . . . . . . . . . . . 1 . Triggered 41 | . . . 1 . . . . . 1 . . . . 1 38 Most Traps Carried 1 | . . . . . . 1 1 1 1 1 1 1 1 1 . Machines | -11 -10 -10 -9 -9 -9 -9 -6 -6 -6 -6 -5 -5 -5 -5 -5 ---------- Run | Yrd Mat Min Mat Sto Rec Scr Fac Low Low Dat Pro Fac Upp Upp War Machines Disabled 11 | . . . 2 2 . . . . 1 . . 6 . . . Max in Single Turn 2 | . . . 2 1 . . . . 1 . . . . . . Garrison Access 1 | . . . . . . . . . . . . 1 . . . Machines Repaired . | . . . . . . . . . . . . . . . . Machines Dismantled . | . . . . . . . . . . . . . . . . Machines Sabotaged . | . . . . . . . . . . . . . . . . Overloaded Fab Kills . | . . . . . . . . . . . . . . . . Hacking | -11 -10 -10 -9 -9 -9 -9 -6 -6 -6 -6 -5 -5 -5 -5 -5 --------- Run | Yrd Mat Min Mat Sto Rec Scr Fac Low Low Dat Pro Fac Upp Upp War Machines Accessed 64 | . 9 . 14 7 4 6 6 . 2 4 . 3 1 1 7 Terminals 28 | . 6 . 9 5 1 . 6 . . . . 1 . . . Fabricators . | . . . . . . . . . . . . . . . . Repair Stations 4 | . 1 . 1 1 . . . . . . . 1 . . . Recycling Units 8 | . 2 . 2 . 3 . . . . . . 1 . . . Scanalyzers 2 | . . . 2 . . . . . . . . . . . . Garrison Access 1 | . . . . 1 . . . . . . . . . . . Total Hacks 208 | . 32 . 44 17 11 33 15 . 2 30 . 6 1 1 16 Successful 161 | . 26 . 31 5 8 33 6 . 2 30 . 2 1 1 16 Failed 47 | . 6 . 13 12 3 . 9 . . . . 4 . . . Catastrophic 7 | . . . 2 3 . . 2 . . . . . . . . Database Lockouts . | . . . . . . . . . . . . . . . . Manual 56 | . 16 . 21 3 6 . 6 . 1 . . 3 . . . Terminals 88 | . 23 . 29 14 5 . 15 . . . . 2 . . . Fabricators . | . . . . . . . . . . . . . . . . Repair Stations 13 | . 3 . 5 2 . . . . . . . 3 . . . Recycling Units 19 | . 6 . 6 . 6 . . . . . . 1 . . . Scanalyzers 4 | . . . 4 . . . . . . . . . . . . Garrison Access 1 | . . . . 1 . . . . . . . . . . . Terminal Hacks 109 | . 12 . 9 2 . 33 3 . 2 30 . . 1 1 16 Record 58 | . . . . . . 32 . . . 11 . . . . 15 Part Schematic 8 | . . . . . . . . . . 8 . . . . . Robot Schematic 8 | . . . . . . . . . . 8 . . . . . Robot Analysis 5 | . 4 . 1 . . . . . . . . . . . . Prototype ID Bank 6 | . 2 . 1 . . . . . . 3 . . . . . Open Door 6 | . . . . 1 . . . . 2 . . . 1 1 1 Open DSF 1 | . . . . . . . 1 . . . . . . . . Alert Level 2 | . . . 1 . . . 1 . . . . . . . . Unreport Threat 1 | . . . 1 . . . . . . . . . . . . Locate Traps 7 | . 3 . 3 . . . 1 . . . . . . . . Hauler Manifests 2 | . 1 . 1 . . . . . . . . . . . . Zone Layout 4 | . 2 . 1 1 . . . . . . . . . . . Derelict Proto ID Bank 1 | . . . . . . 1 . . . . . . . . . Fabricator Hacks . | . . . . . . . . . . . . . . . . Repair Station Hacks 8 | . 2 . 4 1 . . . . . . . 1 . . . Scan Component 5 | . 1 . 2 1 . . . . . . . 1 . . . Repair 3 | . 1 . 2 . . . . . . . . . . . . Recycling Unit Hacks 8 | . 3 . 2 . 3 . . . . . . . . . . Report Inventory 7 | . 2 . 2 . 3 . . . . . . . . . . Retrieve Components 1 | . 1 . . . . . . . . . . . . . . Scanalyzer 4 | . . . 4 . . . . . . . . . . . . Insert Component 3 | . . . 3 . . . . . . . . . . . . Analyze 1 | . . . 1 . . . . . . . . . . . . Garrison Access Hacks . | . . . . . . . . . . . . . . . . Unauthorized Hacks 32 | . 9 . 12 2 5 . 3 . . . . 1 . . . Terminals 22 | . 7 . 8 2 2 . 3 . . . . . . . . Assimilate 1 | . . . . . . . 1 . . . . . . . . Botnet 8 | . 2 . 2 1 1 . 2 . . . . . . . . Skim 13 | . 5 . 6 1 1 . . . . . . . . . . Fabricators . | . . . . . . . . . . . . . . . . Repair Stations 1 | . . . . . . . . . . . . 1 . . . Recycling Units 9 | . 2 . 4 . 3 . . . . . . . . . . Monitor 1 | . . . 1 . . . . . . . . . . . . Reject 1 | . . . 1 . . . . . . . . . . . . Mask 1 | . . . 1 . . . . . . . . . . . . Tunnel 6 | . 2 . 1 . 3 . . . . . . . . . . Scrapoids 1 | . . . . . . . . . . . . 1 . . . Scanalyzers . | . . . . . . . . . . . . . . . . Garrison Access . | . . . . . . . . . . . . . . . . Data Cores Recovered . | . . . . . . . . . . . . . . . . Used . | . . . . . . . . . . . . . . . . Hacking Detections 35 | . 7 . 12 6 2 . 6 . . . . 2 . . . Full Trace Events 3 | . . . . 2 . . . . . . . 1 . . . Feedback Events . | . . . . . . . . . . . . . . . . Feedback Blocked . | . . . . . . . . . . . . . . . . Robot Schematics Acquired 8 | . . . . . . . . . . 8 . . . . . Robots Built . | . . . . . . . . . . . . . . . . Authchips . | . . . . . . . . . . . . . . . . Time . | . . . . . . . . . . . . . . . . Total Robot Build Rating . | . . . . . . . . . . . . . . . . Part Schematics Acquired 9 | . . . 1 . . . . . . 8 . . . . . Parts Built . | . . . . . . . . . . . . . . . . Authchips . | . . . . . . . . . . . . . . . . Time . | . . . . . . . . . . . . . . . . Total Part Build Rating . | . . . . . . . . . . . . . . . . Parts Repaired 3 | . 1 . 2 . . . . . . . . . . . . Time 78 | . 26 . 52 . . . . . . . . . . . . Parts Recycled . | . . . . . . . . . . . . . . . . Recycled Matter . | . . . . . . . . . . . . . . . . Retrieved Matter . | . . . . . . . . . . . . . . . . Retrieved Components 9 | . 9 . . . . . . . . . . . . . . Parts Scanalyzed 1 | . . . 1 . . . . . . . . . . . . Part Schematics Acquired 1 | . . . 1 . . . . . . . . . . . . Parts Damaged 1 | . . . 1 . . . . . . . . . . . . Bothacking | -11 -10 -10 -9 -9 -9 -9 -6 -6 -6 -6 -5 -5 -5 -5 -5 ------------ Run | Yrd Mat Min Mat Sto Rec Scr Fac Low Low Dat Pro Fac Upp Upp War Used RIF Installer . | . . . . . . . . . . . . . . . . Robots Hacked . | . . . . . . . . . . . . . . . . Non-combat . | . . . . . . . . . . . . . . . . Combat . | . . . . . . . . . . . . . . . . Robot Hacks Applied . | . . . . . . . . . . . . . . . . Relay Couplers Released 3 | . . . . . . . . . . . . 3 . . . Machine Destruction 3 | . . . . . . . . . . . . 3 . . . Fabnet Peak Effective % . | . . . . . . . . . . . . . . . . Robots Rewired 6 | . . . . . . . 1 . . . . . . . 5 Allies Hacked 1 | . . . . . . . . . . . . 1 . . . Hacks Repelled . | . . . . . . . . . . . . . . . . Allies | -11 -10 -10 -9 -9 -9 -9 -6 -6 -6 -6 -5 -5 -5 -5 -5 -------- Run | Yrd Mat Min Mat Sto Rec Scr Fac Low Low Dat Pro Fac Upp Upp War Total Allies 14 | . . 2 . . . . 2 . . . . 5 . . 5 Largest Group 5 | . . 2 2 . . . 2 2 2 . . 5 4 . 5 Highest-Rated Group 282 | . . 39 39 . . . 55 55 55 . . 238 188 . 282 Highest-Rated Ally 68 | . . 31 31 . . . 29 29 29 . . 50 47 . 68 Total Orders 6 | . . . . . . . . . . . . . 2 4 . EXPLORE 3 | . . . . . . . . . . . . . 1 2 . RETURN 3 | . . . . . . . . . . . . . 1 2 . Ally Attacks 101 | . . . 6 . . . 5 1 . . . 64 11 . 14 Total Damage 2856 | . . . 82 . . . 59 19 . . . 1775 215 . 706 Kills 21 | . . . 2 . . . 1 1 . . . 11 2 . 4 Allies Corrupted . | . . . . . . . . . . . . . . . . Allies Melted . | . . . . . . . . . . . . . . . . Intel | -11 -10 -10 -9 -9 -9 -9 -6 -6 -6 -6 -5 -5 -5 -5 -5 ------- Run | Yrd Mat Min Mat Sto Rec Scr Fac Low Low Dat Pro Fac Upp Upp War Robot Analysis Total 5 | . 4 . 1 . . . . . . . . . . . . Derelict Logs Recovered 6 | . . 2 . . . . . 1 . . . . 1 2 . Drone Launches 5 | . . . . . . . . . . . . . 2 3 . Drone Recoveries 3 | . . . . . . . . . . . . . 1 2 . Exploration | -11 -10 -10 -9 -9 -9 -9 -6 -6 -6 -6 -5 -5 -5 -5 -5 ------------- Run | Yrd Mat Min Mat Sto Rec Scr Fac Low Low Dat Pro Fac Upp Upp War Turns Passed 24752 | 113 1585 715 2384 1154 520 7051 574 1094 1176 213 1094 740 1567 2425 2347 Spaces Moved 9793 | 61 595 272 1120 446 210 2891 259 605 495 98 294 169 586 897 795 Core 8 | . . . . . . . . . . . . . . . 8 Treads 4070 | . 492 272 661 355 210 2080 . . . . . . . . . Legs 720 | 61 103 . 459 91 . . . . . . 6 . . . . Wheels 4995 | . . . . . . 811 259 605 495 98 288 169 586 897 787 Hover . | . . . . . . . . . . . . . . . . Flight . | . . . . . . . . . . . . . . . . Fastest Speed 50 | 120 120 240 160 160 240 90 171 171 215 215 215 250 250 250 50 Average Speed 222 | 120 179 240 176 183 240 212 171 176 215 215 341 381 256 261 280 Slowest Speed 4650 | 120 240 240 320 320 240 320 171 215 215 215 960 405 265 265 4650 Overloaded Moves . | . . . . . . . . . . . . . . . . Propulsion Burnouts . | . . . . . . . . . . . . . . . . Robots Hopped . | . . . . . . . . . . . . . . . . Cave-ins Triggered 2 | . . . . . . . . . . . . . . . 2 Exploration Rate (%) 58 | 4 87 46 82 66 45 93 11 76 53 70 51 6 69 95 76 Regions Visited 15 Branch Regions 11 Pre-discovered Areas 14 | . 3 . 1 . 3 4 . . . 1 . . 1 . 1 Known Exits Taken 11 | . 1 1 1 1 . . 1 1 1 . 1 1 1 1 . Unknown Exits Taken 4 | 1 . . . . 1 1 . . . 1 . . . . . Scrap Searched 16 | . . 1 . . . 3 . 4 2 . 1 . 4 1 . Spaces Dug 14 | . 4 . . 2 . . . 2 1 . . 3 1 1 . Terrain Destroyed 470 | . 6 . 111 63 . . . 34 107 . 35 3 4 17 90 Melee 8 | . . . . 2 . . . 2 1 . . 2 1 . . Projectile 36 | . 4 . . 8 . . . . . . 1 1 3 17 2 AOE 426 | . 2 . 111 53 . . . 32 106 . 34 . . . 88 Terrain Rammed . | . . . . . . . . . . . . . . . . Walls Destroyed . | . . . . . . . . . . . . . . . . Machines Disabled . | . . . . . . . . . . . . . . . . Actions | -11 -10 -10 -9 -9 -9 -9 -6 -6 -6 -6 -5 -5 -5 -5 -5 --------- Run | Yrd Mat Min Mat Sto Rec Scr Fac Low Low Dat Pro Fac Upp Upp War Total 12123 | 78 922 319 1361 672 215 3811 383 623 560 101 355 261 646 930 886 Wait 1308 | . 172 23 55 90 . 790 83 2 1 . 8 78 4 . 2 Move 9778 | 60 594 271 1119 445 209 2890 258 604 494 97 293 168 585 896 795 Hop . | . . . . . . . . . . . . . . . . Pick Up 207 | 3 17 4 36 13 . 75 11 3 6 . 10 3 11 3 12 Fast Attach 28 | . 1 . 1 2 . 7 1 . 1 2 4 1 4 . 4 Attach 74 | 1 7 . 11 5 . 12 6 1 1 . 5 4 11 4 6 Detach 5 | . . . . . . . . . . . . . 4 . 1 Swap 88 | . 13 1 16 17 . 7 2 2 17 . 4 2 2 2 3 Drop 135 | . 7 . 25 13 . 30 6 3 7 2 10 2 17 1 12 Fire 392 | 14 111 20 65 78 6 . 5 4 19 . 19 1 7 23 20 Melee 62 | . . . 32 9 . . . 4 12 . 2 2 1 . . Ram . | . . . . . . . . . . . . . . . . Kick 1 | . . . 1 . . . . . . . . . . . . Crush . | . . . . . . . . . . . . . . . . Escape Stasis . | . . . . . . . . . . . . . . . . Rewire 44 | . . . . . . . 11 . 2 . . . . . 31 Trap 1 | . . . . . . . . . . . . . . 1 . Miscellaneous . | . . . . . . . . . . . . . . . . Route ------- -11/Scrapyard -10/Materials (discovered 5 exits: *Mat x3 / *Min x2) -10/Mines (discovered 3 exits: *Mat x2 / [*Sub]) -9/Materials (discovered 4 exits: *Mat x2 / [*Min] / *Sto) -9/Storage (discovered 2 exits: Mat / *Rec) -9/Recycling -9/Scraptown (discovered 2 exits: *Fac x2) -6/Factory (discovered 5 exits: *Fac x3 / *Low x2) -6/Lower Caves -6/Lower Caves (discovered 2 exits: *Fac / *Dat) -6/Data Miner -5/Proximity Caves -5/Factory (discovered 2 exits: *Upp / Ext) -5/Upper Caves -5/Upper Caves (discovered 2 exits: *Fac / *War) -5/Warlord (discovered 1 exit: [*Pro]) History --------- Turn | Location | Event 22 | -11/Scrapyard | Discovered new exit (range 3) 114 | -11/Scrapyard | Entered Materials 319 | -10/Materials | Build established: Mutant 506 | -10/Materials | Lost 3 parts (1p2n) 703 | -10/Materials | Discovered new exit (range 7) 757 | -10/Materials | Core integrity fell below 50% 901 | -10/Materials | Discovered new exit (range 8) 1029 | -10/Materials | Repaired Lgt. Treads 1427 | -10/Materials | Discovered new exit (range 12) 1500 | -10/Materials | Learned Storage stockpile data 1560 | -10/Materials | Identified exit to Materials 1560 | -10/Materials | Identified exit to Mines 1649 | -10/Materials | Learned location of Recycling (-9) 1680 | -10/Materials | Learned location of 1 exit from Storage 1699 | -10/Materials | Entered Mines 1793 | -10/Mines | Discovered exit to Materials (range 8) 1897 | -10/Mines | Learned Materials terminal intel 1926 | -10/Mines | Learned Materials security intel 1935 | -10/Mines | Discovered exit to Materials (range 7) 2364 | -10/Mines | Discovered new exit (range 10) 2414 | -10/Mines | Entered Materials 2414 | -9/Materials | Accompanied by 2 allies 2414 | -9/Materials | Evolved 2 slots: Propulsion x2 2415 | -9/Materials | Identified exit to Storage 2417 | -9/Materials | Loaded intel: 9 terminal locations 2419 | -9/Materials | Led the pair of lost Derelicts to an unsafe place 3030 | -9/Materials | Discovered new exit (range 15) 3590 | -9/Materials | Loaded intel: 2 recycling unit locations 3614 | -9/Materials | First assault squad dispatched 3655 | -9/Materials | Learned Storage non-interactive machine intel 3661 | -9/Materials | Repaired Lgt. Treads 3688 | -9/Materials | Repaired Lgt. Treads 3712 | -9/Materials | Learned 2 Storage zone layouts 3723 | -9/Materials | Core integrity fell below 50% 3743 | -9/Materials | Lost 4 parts (1n1u2w) 3759 | -9/Materials | Learned 4 Recycling zone layouts 3797 | -9/Materials | Identified exit to Materials 3827 | -9/Materials | Loaded intel: 2 repair station locations 3845 | -9/Materials | Learned Materials terminal intel 3873 | -9/Materials | Learned location of 1 exit from Storage 4798 | -9/Materials | Entered Storage 4800 | -9/Storage | Identified exit to Recycling 4803 | -9/Storage | Loaded intel: 25 non-interactive machine locations 4821 | -9/Storage | Met 01-MTF 4956 | -9/Storage | Garrison activated, responded to threat 5031 | -9/Storage | Destroyed 7 combat bots 5031 | -9/Storage | Core integrity fell below 20% 5078 | -9/Storage | Lost 3 parts (2n1w) 5376 | -9/Storage | Build established: Scavenger-Mutant 5449 | -9/Storage | Garrison activated, responded to threat 5916 | -9/Storage | Used back door to open Recycling access 5952 | -9/Storage | Entered Recycling 6170 | -9/Recycling | Build established: Mutant 6407 | -9/Recycling | Scanned before Scraplab entrance 6443 | -9/Recycling | Entered Scraplab 6465 | -9/Recycling | Discovered new exit (range 3) 6472 | -9/Recycling | Entered Scraptown 6472 | -9/Scraptown | System corruption cleaned by C-Scrubber 7355 | -9/Scraptown | Visited Assassins FH 7422 | -9/Scraptown | Heard Great Nut preacher, LISTEN AND RECITE! 7424 | -9/Scraptown | Visited Symbiants 7520 | -9/Scraptown | Visited Shadow of the Wyrm 7652 | -9/Scraptown | Visited Spacefarers 7859 | -9/Scraptown | Visited UFD Registry 7859 | -9/Scraptown | Registered with UFD as "Geartail" 7890 | -9/Scraptown | Visited IN-MT5's Study 7919 | -9/Scraptown | Visited Fellowship of the Rings 8022 | -9/Scraptown | Visited TADAMA 8488 | -9/Scraptown | Visited Cartography Club 8767 | -9/Scraptown | Lost 9 parts (3u6w) 8824 | -9/Scraptown | Learned location of Extension (-5) 8824 | -9/Scraptown | Learned 8 Materials zone layouts 8824 | -9/Scraptown | Learned location of Armory (-4) 8824 | -9/Scraptown | Learned 12 Materials zone layouts 8824 | -9/Scraptown | Learned 16 Materials zone layouts 8824 | -9/Scraptown | Learned 20 Factory zone layouts 8824 | -9/Scraptown | Learned 24 Factory zone layouts 8824 | -9/Scraptown | Learned 12 Lower Caves zone layouts 8824 | -9/Scraptown | Learned 16 Lower Caves zone layouts 8824 | -9/Scraptown | Learned 8 Upper Caves zone layouts 8824 | -9/Scraptown | Learned 8 Proximity Caves zone layouts 8824 | -9/Scraptown | Learned 12 Proximity Caves zone layouts 8824 | -9/Scraptown | Learned Materials emergency access door positions 8824 | -9/Scraptown | Learned location of 1 exit from Upper Caves 8824 | -9/Scraptown | Learned location of 2 exits from Upper Caves 9820 | -9/Scraptown | Found Deep Structural Scanner 10208 | -9/Scraptown | Visited Abandonware Association 10242 | -9/Scraptown | Learned abandonware demo "OVRCLOCK.EXE" 10261 | -9/Scraptown | Learned abandonware demo "HACKBUD.EXE" 10347 | -9/Scraptown | Visited Scrapoid Research Area 10402 | -9/Scraptown | Visited Botcube Research 10424 | -9/Scraptown | Found Botcube 10473 | -9/Scraptown | Visited Observation Area 11139 | -9/Scraptown | Visited Scrap Suit Storage 11350 | -9/Scraptown | Visited Curators Association 11436 | -9/Scraptown | Visited Science Guys 11655 | -9/Scraptown | Discovered new exit (range 10) 12246 | -9/Scraptown | Discovered new exit (range 18) 12807 | -9/Scraptown | Build established: Hauler-Mutant 13292 | -9/Scraptown | Found Scrap Suit 13294 | -9/Scraptown | Found Scrap Suit 13523 | -9/Scraptown | Entered Factory 13523 | -6/Factory | Evolved 6 slots: Power x1, Propulsion x2, Utility x3 13524 | -6/Factory | Identified exit to Lower Caves 13524 | -6/Factory | Identified exit to Factory 14097 | -6/Factory | Entered Lower Caves 14097 | -6/Lower Caves | Accompanied by 2 allies 14098 | -6/Lower Caves | Identified exit to Lower Caves 14450 | -6/Lower Caves | Encountered a Warlord checkpoint 14607 | -6/Lower Caves | Learned 8 Factory zone layouts 15191 | -6/Lower Caves | Entered another Lower Caves area 15191 | -6/Lower Caves | Accompanied by 2 allies 15191 | -6/Lower Caves | Discovered exit to Factory (range 15) 15192 | -6/Lower Caves | Identified exit to Data Miner 15210 | -6/Lower Caves | Encountered a Warlord checkpoint 15302 | -6/Lower Caves | Acquired the password to a Derelict Tinkerer's latest research 15321 | -6/Lower Caves | Found Prototype Special Weapon 15404 | -6/Lower Caves | P-70 Sage assimilated allied Soldier 5a 15408 | -6/Lower Caves | Caught by Unaware searching for contraband prototypes 15412 | -6/Lower Caves | P-70 Sage assimilated allied Administrator 5a 15422 | -6/Lower Caves | Caught by Unaware searching for contraband prototypes 15843 | -6/Lower Caves | Found Prototype Device 16367 | -6/Lower Caves | Entered Data Miner 16368 | -6/Data Miner | Discovered new exit (range 6) 16409 | -6/Data Miner | Met Data Miner 16463 | -6/Data Miner | Learned location of Section 7 (-2) 16463 | -6/Data Miner | Acquired the access code to Warlord's prototype stash 16500 | -6/Data Miner | Received God Mode back door access code from Data Miner 16580 | -6/Data Miner | Entered Proximity Caves 16807 | -5/Proximity Caves | Encountered a Derelict guarding a broken Freighter 16860 | -5/Proximity Caves | Lost 6 parts (5n1u) 16973 | -5/Proximity Caves | Found Prototype Hackware 17674 | -5/Proximity Caves | Entered Factory 17674 | -5/Factory | Evolved 2 slots: Utility x2 17675 | -5/Factory | Identified exit to Upper Caves 17675 | -5/Factory | Identified exit to Extension 17795 | -5/Factory | Identified Exp. Hacking Suite 18270 | -5/Factory | Incoming investigation squad redirected 18303 | -5/Factory | Scrapoid reinforcements arrived 18414 | -5/Factory | Entered Upper Caves 18414 | -5/Upper Caves | Accompanied by 4 allies 18415 | -5/Upper Caves | Identified exit to Upper Caves 18856 | -5/Upper Caves | Identified Molecular Deconstructor 18998 | -5/Upper Caves | Identified Heart of Steel 19262 | -5/Upper Caves | Lost 4 allies 19937 | -5/Upper Caves | Spotted B-75 Beast 19981 | -5/Upper Caves | Entered another Upper Caves area 19982 | -5/Upper Caves | Identified exit to Factory 19982 | -5/Upper Caves | Identified exit to Warlord 21887 | -5/Upper Caves | Attracted the attention of an 0b10 checkpoint 22406 | -5/Upper Caves | Entered Warlord 23439 | -5/Warlord | Found Prototype Special Weapon 23443 | -5/Warlord | Found Prototype Special Weapon 23446 | -5/Warlord | Found Prototype Special Weapon 23495 | -5/Warlord | Rebuked by Warlord 23520 | -5/Warlord | Warlord's base attacked by MAIN.C 23673 | -5/Warlord | Found Prototype Device 23674 | -5/Warlord | Identified Minesniffer Drone Bay 23870 | -5/Warlord | Warlord forces counterattacked 23957 | -5/Warlord | Learned Research security intel 23957 | -5/Warlord | Learned Quarantine security intel 23957 | -5/Warlord | Learned Armory recycling unit intel 23957 | -5/Warlord | Learned Research fabricator intel 23960 | -5/Warlord | Learned 4 Access zone layouts 23963 | -5/Warlord | Learned location of Testing (-3) 23963 | -5/Warlord | Learned Armory stockpile data 24183 | -5/Warlord | Lost 7 allies 24195 | -5/Warlord | Warlord base infiltrated, sounded retreat 24210 | -5/Warlord | Found Prototype Energy Gun 24210 | -5/Warlord | Identified Vortex Rifle 24214 | -5/Warlord | Found Vortex Rifle 24219 | -5/Warlord | Found Prototype Launcher 24244 | -5/Warlord | Spotted B-86 Titan 24246 | -5/Warlord | Lost 5 allies 24247 | -5/Warlord | Allies destroyed B-86 Titan 24361 | -5/Warlord | Spotted Striker 24369 | -5/Warlord | Destroyed Striker 24428 | -5/Warlord | Lost 3 allies 24459 | -5/Warlord | Spotted Striker 24465 | -5/Warlord | Destroyed Striker 24486 | -5/Warlord | Crushed by falling debris 24518 | -5/Warlord | Crushed by falling debris 24518 | -5/Warlord | System corruption reached 10% 24559 | -5/Warlord | Lost 12 allies 24589 | -5/Warlord | Discovered new exit (range 14) 24621 | -5/Warlord | Identified Vortex Catalyst Activator 24622 | -5/Warlord | Spotted Striker 24622 | -5/Warlord | Spotted Striker 24624 | -5/Warlord | Destroyed Striker 24628 | -5/Warlord | Destroyed Striker 24661 | -5/Warlord | Destroyed 16 combat bots 24720 | -5/Warlord | Spotted Executioner 24720 | -5/Warlord | Spotted Striker 24740 | -5/Warlord | Core integrity fell below 50% 24751 | -5/Warlord | Core integrity fell below 20% 24753 | -5/Warlord | Destroyed by H-66 Slayer with Gauss Rifle Last Messages --------------- 24740_ Humpback destroyed. 24740_ Slug penetrates Earth. 24740_ Penetrated by Slug. 24742_ System corrupted: Matter fused (-9). 24743_ Penetrated by Slug. 24743_ Slug penetrates S-27 Virus. 24743_ S-27 Virus destroyed. 24743_ Acquired Prototype Special Weapon. 24744_ Dropped Molecular Deconstructor. 24746_ Penetrated by Slug. 24746_ Acquired Prototype Power Core. 24749_ Ovr. Huge Scrapsphere destroyed. 24750_ Slug penetrates Earth. 24750_ Slug penetrates S-27 Virus. 24750_ S-27 Virus suffers critical hit (Destroy). 24750_ S-27 Virus destroyed. 24750_ H-66 Slayer suffers critical hit (Destroy). 24750_ Discarded Scrap Suit. Map ----- +----------------------------------------------------+ | | | | | ??????????????????????????????? | | ??????????????????????????????? | | ??????????????????????????????? | | ??????????????????????????????? | | ??????????????????????????????? | | ??????????????????????????????? | | ??????????????????????????????? | | ???????????????????????## ???? | | ??????????????????????? ? | | ?????????????????????## | | ?????????????????????# | | ????????????????????## | | ???????????????????## # | | ??????????????????##; # # | | ????????????????###; # | | ??????# ???????# ; < < | | ??????# ??????# < | | ??????? ??????#; | | ???????? #####; | | ????????## #####; h E% | | ????????### ## ; h* | | ????????#### # %[%=# | | ????????#### ### ! p! * | | ????????#### !!!|h%% @ | | ????????##### ;=!%%s ; | | #???????#####; ]!!ps!! ! ; | | #???????####### !/!!& K= [ ## | | #####???????## !|!s| # ## | | ###############; ! s# ## | | ############## ### ## | | ############ !% # ## ## | | ########" # ! # # ## | | =" "" # ### # # ## | | = " # # ### # ### | | =! % ### # # #### | | % ] *[[% # #### | | % % = ## #### | | ! # ##### #### | | " # # # " "## | | *= %"""" ### # # "## | | # #### # # # % "## | | ## ########### ### ### | | ################ "## | | ############### " [ ### | | #####?????####" " " % % #### | | #?????????#### ## "" ##### | | #????????##### ####"" ##### | | #???????###### ####### ##### | +----------------------------------------------------+ Best States ------------- Heat Dissipation 78 Energy Generation 41 Energy Capacity 660 Matter Stores 700 Matter Capacity 700 Sight Range 16 Terrain Scan Range 20 Terrain Scan Density 10 Jamming Range 14 Armor Coverage 775 Resistance: KI 30 Resistance: TH 20 Core Shielding 20 Evasion (%) 55 Recoil Reduction 4 Offensive Hacking 16 Item Schematics ----------------- Adv. Targeting Computer | -9/Materials | Scanalyzed Combat Drone Bay | -6/Data Miner | Free Lgt. Regenerative Plating | -6/Data Miner | Free Cld. Gravmag System | -6/Data Miner | Free Prc. Energy Filter | -6/Data Miner | Free Hvy. Proton Missile Launcher | -6/Data Miner | Free Imp. Gyrokinetic Inverter | -6/Data Miner | Free Adv. Target Analyzer | -6/Data Miner | Free Railgun | -6/Data Miner | Free Robot Schematics ------------------ A-15 Conveyor | -6/Data Miner | Free S-27 Virus | -6/Data Miner | Free L-41 Fighter | -6/Data Miner | Free I-47 Archangel | -6/Data Miner | Free M-22 Extractor | -6/Data Miner | Free G-50 Soldier | -6/Data Miner | Free E-15 Imp | -6/Data Miner | Free B-60 Warrior | -6/Data Miner | Free Fabricated ------------ Nothing Alien Tech Used ----------------- None Achievements -------------- None Challenges ------------ None Game ------ Seed ForceMomentumMachine Manual? 0 Play Time 02:43:45 Cumulative 258.9 hours Start 2024.09.06 @ 02:33:06 End 2024.09.10 @ 04:44:33 Sessions 7 Manual Loads 0 Difficulty Rogue Special Mode None Game No. 195 Rogue 185 Adventurer 0 Explorer 10 Win Type - Total 3 Types 3/0/0/0/0/0/0/0/0 Lore% 65 Gallery% 69 Achievement% 53 Wizard Run 0 Options --------- Layout 2 ASCII 0 Keyboard 0 Movement Arrows Keybinds 1 Fullscreen 1 Font 24/Smallcaps Map View 50x44 Zoom Use 0% Tactical HUD 1 Map Filters NONE Filters NONE Steam 1 RUN: 1503e7f0-5590-4b5f-b344-452182a32004